 Dungeon Crawl Stone Soup version 0.31.0-10-gcf4a605ca0 (webtiles) character file.

Game seed: 9648035159188898738

1656 Flugkiller the Grappler (level 8, 0/72 (78) HPs)
             Began as a Troll Enchanter on Jan 25, 2024.
             Slain by a wight
             ... wielding a +4 scimitar
              (10 damage)
             ... on level 7 of the Dungeon.
             The game lasted 00:05:34 (4469 turns).

Flugkiller the Grappler (Troll Enchanter)           Turns: 4469, Time: 00:05:34

HP:   0/72 (78)     AC:  6    Str: 19    XL:     8   Next: 68%
MP:   8/8           EV:  9    Int: 11    God:
Gold: 301           SH:  5    Dex: 10    Spells: 9/9 levels left

rFire   . .          .
                       - Unarmed
rCold   . . .        (no shield)
rNeg    . . .        y - +1 robe {Will+}
rPois   .            t - +0 hat
rElec   .            k - +0 cloak
rCorr   .            (gloves unavailable)
SInv    .            (boots unavailable)
Will    ++...        f - amulet of reflection
Stlth   ++           m - ring of willpower
HPRegen 1.12/turn    (no ring)
MPRegen 0.11/turn

%: reflection
@: lethally poisoned (0 -> -3), drained
A: large, unfitting armour, claws 3, regeneration 1, shaggy fur 1, tough skin 1
a: no special abilities


You were on level 7 of the Dungeon.
You visited 2 branches of the dungeon, and saw 8 of its levels.

You collected 301 gold pieces.

Inventory:

Hand Weapons
 a - a +1 dagger
 l - the +10 hammer "Letat" {holy, rF+}
   (You found it on level 2 of the Dungeon)

   rF+:       It protects you from fire.
 u - the +1 hand axe "Viogg" {freeze, +Blink Will+ rCorr}
   (You found it on level 5 of the Dungeon)

   Will+:     It increases your willpower.
   +Blink:    It lets you blink.
   rCorr:     It protects you from acid and corrosion.
Missiles
 v - 2 throwing nets (quivered)
Armour
 b - a +0 robe
 k - a +0 cloak (worn)
   (You took it off Crazy Yiuf on level 2 of the Dungeon)
 t - a +0 hat (worn)
   (You found it on level 5 of the Dungeon)
 y - a +1 robe of willpower (worn)
   (You took it off a wight on level 6 of the Dungeon)
Jewellery
 f - an amulet of reflection (around neck)
   (You found it on level 1 of the Dungeon)
 m - a ring of willpower (left claw)
   (You found it on level 6 of the Dungeon)
Wands
 w - a wand of light (5)
   (You found it on level 5 of the Dungeon)
 B - a wand of digging (5)
   (You found it on level 7 of the Dungeon)
Scrolls
 d - a scroll of noise {unknown}
 e - 2 scrolls of identify {unknown}
 h - a scroll of fog {unknown}
 i - 2 scrolls of vulnerability {unknown}
 j - a scroll of immolation {unknown}
 o - a scroll of enchant weapon {unknown}
 r - 2 scrolls of enchant armour {unknown}
 x - a scroll of fear {unknown}
 z - 2 scrolls of revelation {unknown}
Potions
 c - 4 potions of invisibility
 g - a potion of lignification {unknown}
 n - 2 potions of curing {unknown}
 p - 2 potions of ambrosia {unknown}
 q - 3 potions of mutation {unknown}
 s - 2 potions of heal wounds {unknown}
 A - a potion of cancellation {unknown}


   Skills:
 + Level 3.7 Fighting
 - Level 0.7 Short Blades
 - Level 1.5 Dodging
 - Level 1.5 Stealth
 - Level 10.0 Unarmed Combat
 - Level 1.2 Spellcasting
 - Level 2.0 Hexes


You had 9 spell levels left.
You didn't know any spells.
Your spell library contained the following spells:

 Spells                   Type           Power      Damage    Failure   Level
 Slow                     Hex            20%        N/A       14%         1
 Jinxbite                 Hex            10%        N/A       22%         2
 Apportation              Tloc           0%         N/A       32%         1
 Ensorcelled Hibernation  Hex/Ice        4%         N/A       32%         2
 Confusing Touch          Hex            5%         N/A       38%         3
 Sigil of Binding         Hex            5%         N/A       38%         3
 Tukima's Dance           Hex            5%         N/A       38%         3
 Dazzling Flash           Conj/Hex       4%         N/A       54%         3
 Vampiric Draining        Necr           0%         2d6       67%         3
 Alistair's Intoxication  Alch           0%         N/A       100%        5


Dungeon Overview and Level Annotations

Branches:
Dungeon (7/15) Zot: 26869  Temple (1/1) D:5 Zot: 5998

Altars:
Ashenzari
Cheibriados
Dithmenos
Elyvilon
Fedhas
Gozag
Hepliaklqana
Makhleb
Nemelex Xobeh
Okawaru
Qazlal
Sif Muna
Vehumet
Wu Jian
Xom
Yredelemnul
Zin


Innate Abilities, Weirdness & Mutations

You are too large for most types of armour.
You have claws for hands.
Your natural rate of healing is unusually fast.
You are covered in fur. (AC +1)
You have tough skin. (AC +1)


Message History

You claw the orc wizard!
You kill the orc wizard!
You block the ufetubus's attack.
The ufetubus hits you but does no damage.
The orc closely misses you. Something hits you.
The ufetubus hits you but does no damage.
The ufetubus hits you. You block the orc wizard's attack.
The orc hits you with a +0 whip. Something hits you.
You miss the orc wizard.
The ufetubus hits you but does no damage. x2
You claw the orc wizard!
You kill the orc wizard!
The ufetubus slips past you!
The ufetubus hits you but does no damage.
You block the ufetubus's attack. Something hits you. The orc barely misses you.
The ufetubus hits you.
The ufetubus hits you but does no damage.
You barely miss the ufetubus. Something hits you but does no damage.
The orc barely misses you.
The ufetubus hits you but does no damage.
The ufetubus closely misses you.
You scratch the ufetubus.
You claw the ufetubus, but do no damage.
The ufetubus is severely wounded.
You block the ufetubus's attack. The ufetubus hits you. Something hits you.
The orc hits you but does no damage.
You claw the ufetubus!
You kill the ufetubus!
Something hits you but does no damage. The orc barely misses you.
You mangle something!!
Reactivating autopickup.
You feel a bit more experienced.
Things that are here:
a +0 dagger; a +0 robe; an orc corpse You scratch the orc.
The orc is heavily wounded.
The orc completely misses you.
You claw the orc!
You kill the orc!
No target in view!
Items here: )) [ ††.
Things that are here:
a +0 dagger; a +0 robe You open the door.
Found a dagger.
There is an open door here.
Found a stone staircase leading down.
You hear the faint creaking of a very distant portcullis.
You open the door.
Found a chain mail.
Found a mace.
Found a scroll labelled IPPOBRIWU.
A wight comes into view. It is wielding a +0 mace.
A wight comes into view. It is wielding a +0 great sword.
A wight comes into view. It is wielding a +0 scimitar.
A hornet and a wight come into view.
The wight is wielding a +4 scimitar and quivering poisoned darts.
The hornet buzzes angrily.
A wight comes into view. It is wielding a +3 war axe.
The hornet stings you!
You feel yourself slow down.
You see here a scroll labelled IPPOBRIWU.
You feel yourself speed up. The hornet attacks as it pursues you!
The hornet stings you!
You are poisoned.
You suddenly lose the ability to move!
The hornet stings you.
You are more poisoned.
You feel yourself slow down. The wight hits you with a +0 mace.
You feel drained.
You feel very sick.
The hornet stings you but does no damage.
The wight hits you with a +0 mace.
You feel drained.
You can move again.
You claw the hornet!
The hornet is heavily wounded.
You feel yourself speed up.
You feel extremely sick. You block the hornet's attack.
The hornet barely misses you. The wight hits you with a +0 mace.
You feel drained. The wight hits you with a +0 scimitar!
* * * LOW HITPOINT WARNING * * *
You feel drained.
* * * LOW HITPOINT WARNING * * *
The hornet stings you.
* * * LOW HITPOINT WARNING * * *
You feel yourself slow down.
Okay, then.
Okay, then.
You claw the hornet!
The hornet is severely wounded.
You feel yourself speed up.
You feel very sick. The hornet barely misses you. The wight barely misses you.
The wight hits you but does no damage. x2
Unknown command.
You scratch the hornet but do no damage.
The hornet is severely wounded.
You feel sick. The hornet barely misses you.
The wight hits you with a +4 scimitar!
You die...

#....#.>..#..............
#.
#....#....#.........[....
#... #..###..##...#######
#...#######..##...#
#.................#
#..z..............#
............)..#
.......zz......#
.......z@......#
.......zy......#
.....##'######## ....
#... .. ...... ........
#.P....... ...........
.....P.......


You could see a hornet and 4 wights.

Vanquished Creatures
  A steam dragon (D:6)
  A water moccasin (D:6)
  A black bear (D:6)
  A sky beast (D:7)
  2 ogres
  A phantom (D:5)
  Blork the orc (D:5)
  5 wights (D:6)
  A bombardier beetle (D:6)
  A jelly (D:4)
  3 orc priests (D:5)
  Crazy Yiuf (D:2)
  A gnoll bouda (D:6)
  4 hounds
  3 iguanas
  3 orc wizards (D:7)
  3 gnolls (D:6)
  3 adders
  A white imp (D:6)
  2 ufetubi (D:7)
  2 dart slugs
  4 ribbon worms
  10 orcs
  6 ball pythons
  4 endoplasms
  7 goblins
  10 hobgoblins
  4 jackals
  2 quokkas
  6 bats
  4 frilled lizards
  13 kobolds
  6 rats
117 creatures vanquished.

Notes
Turn   | Place    | Note
-------+----------+-------------------------------------------
     0 | D:1      | Flugkiller the Troll Enchanter began the quest for the Orb.
     0 | D:1      | Reached XP level 1. HP: 16/16 MP: 1/1
   317 | D:1      | Reached skill level 1 in Unarmed Combat
   346 | D:1      | Reached XP level 2. HP: 26/26 MP: 2/2
   454 | D:1      | Reached skill level 1 in Fighting
   506 | D:1      | Reached skill level 2 in Unarmed Combat
   808 | D:1      | Reached XP level 3. HP: 31/33 MP: 3/3
  1228 | D:2      | Reached skill level 3 in Unarmed Combat
  1236 | D:2      | Reached XP level 4. HP: 41/41 MP: 4/4
  1404 | D:2      | Found a runed translucent door.
  1405 | D:2      | Noticed Crazy Yiuf
  1413 | D:2      | Killed Crazy Yiuf
  1414 | D:2      | Reached skill level 4 in Unarmed Combat
  1427 | D:2      | Identified the +10 hammer "Letat" {holy, rF+}
  1855 | D:3      | Found a shimmering altar of Xom.
  2087 | D:3      | Reached XP level 5. HP: 48/48 MP: 5/5
  2339 | D:4      | Noticed an ogre
  2451 | D:4      | Killed an ogre
  2457 | D:4      | Reached skill level 5 in Unarmed Combat
  2497 | D:4      | Reached XP level 6. HP: 56/57 MP: 6/6
  2556 | D:4      | Found a sparkling altar of Nemelex Xobeh.
  2673 | D:4      | Found a hazy altar of Hepliaklqana.
  2756 | D:5      | Entered Level 5 of the Dungeon
  2796 | D:5      | Found an opulent altar of Gozag.
  2873 | D:5      | Identified the +1 hand axe "Viogg" {freeze, +Blink Will+
                  | rCorr}
  2885 | D:5      | Reached skill level 6 in Unarmed Combat
  2909 | D:5      | Found a shimmering blue altar of Sif Muna.
  3048 | D:5      | Reached XP level 7. HP: 53/66 MP: 7/7
  3080 | D:5      | Noticed Blork the orc
  3093 | D:5      | Killed Blork the orc
  3111 | D:5      | Found a staircase to the Ecumenical Temple.
  3162 | D:5      | Identified the +1 long sword "Killer Bee's Death" {freeze,
                  | rF+ rC+ Int+3}
  3180 | D:5      | Reached skill level 7 in Unarmed Combat
  3205 | Temple   | Entered the Ecumenical Temple
  3544 | D:6      | Noticed a steam dragon
  3553 | D:6      | Killed a steam dragon
  3593 | D:6      | Reached skill level 8 in Unarmed Combat
  3599 | D:6      | Found a white marble altar of Elyvilon.
  3616 | D:6      | Reached XP level 8. HP: 72/75 MP: 8/8
  3774 | D:6      | Reached skill level 9 in Unarmed Combat
  3811 | D:6      | Found a stormy altar of Qazlal.
  3849 | D:6      | Found a shadowy altar of Dithmenos.
  4175 | D:6      | Found an ornate altar of the Wu Jian Council.
  4194 | D:6      | Noticed an air elemental
  4360 | D:7      | Reached skill level 10 in Unarmed Combat
  4463 | D:7      | Noticed a hornet
  4465 | D:7      | Paralysed by a hornet for 2 turns
  4469 | D:7      | Slain by a wight

Illustrated notes

Levels and vault maps discovered:
D:1:      dpeg_arrival_oval, layout_basic, minmay_misc_feat_enclosed
D:2:      layout_rooms, uniq_crazy_yiuf_cottage
D:3:      layout_loops_ring, mainiacjoe_overflow_boulevard,
          minmay_goblin_kobold_house
D:4:      layout_rooms, old_standard_altar, mainiacjoe_overflow_six_doors_small,
          due_unseen_surprise
D:5:      layout_loops_ring, grunt_gozag_breadcrumbs,
          mainiacjoe_overflow_surrounded_room, minmay_temple_entry_wispy,
          uniq_blork_the_orc
D:6:      layout_basic, nzn_wu_jian_contemplation, elyvilon_altar_4,
          nicolae_dithmenos_shadow_blocks, nicolae_qazlal_style_of_elements
D:7:      layout_gridville, kiku_gazebo_garden_becter, enter_bailey_2,
          minmay_quadrilaterals
Temple:   nicolae_temple_colour_theory

Skill      XL: |  1  2  3  4  5  6  7  8 |
---------------+-------------------------+-----
Unarmed Combat | 1 2 3 4 5 6 8 10 | 10.0
Fighting       | 1 2 3 |  3.7
Short Blades   | |  0.7
Dodging        | |  1.5
Stealth        | |  1.5
Spellcasting   | |  1.2
Hexes          | |  2.0

Action                     |  1- 3 |  4- 6 |  7- 9 || total
---------------------------+-------+-------+-------++-------
  Melee: Unarmed           |   110 |   107 |   120 ||   337
         Punch             |       |     4 |     5 ||     9
   Stab: Sleeping          |     3 |     3 |     1 ||     7
 Armour: Robe              |    77 |    49 |   112 ||   238
  Dodge: Dodged            |    47 |    38 |    58 ||   143
  Block: Other             |    10 |    16 |    16 ||    42
         Reflection        |       |     1 |       ||     1
